Jonadab, neutral male human Tourist ------- |.....| ---------- ----- ------- |.....-# |........| |..>| |.....- |.<...|# |........| ####-...| |.....| # -.---|-# #-........| |...| |....).####### ## ## # #|......).| ######....| ----|-- # # # # )|......... # --|-- ## ### ######### #|........| ### ## # # ---|-------# ###-+----.--- # ### ### |.........|# # ## ### # # |.........|#### # # # # ##-.........|####`# ######### ## # |.........|#####---.--- # -.---.------- ---|----------- |.........| #...[.^! #-...........| |.............| |.........| |.....| |...........| |.............| ----------- |.....| |...........| |.............| ------- |...........| |.............| ------------- --------------- Jonadab the Rambler Experience level: 2 Strength: 10 Dexterity: 11 Constitution: 14 Intelligence: 15 Wisdom: 10 Charisma: 15 Health: 0(16) Energy: 5(5) Def: 10 Gold: 539 Moves: 2161 Dungeon seed: 64SsPuZILI7Nsbim Game ID: Jonadab_1479727457 Your Inventory: Coins $ - 539 gold pieces Weapons a - an uncursed +0 orcish dagger named b.U (weapon in hand) c - 32 uncursed +2 darts (in quiver) L - a cursed -2 elven broadsword Armor z - an uncursed +0 chain mail (being worn) G - a blessed +4 helmet (being worn) Comestibles b - 5 uncursed food rations d - an uncursed banana f - an uncursed cram ration g - an uncursed egg h - an uncursed packet of prunes t - an uncursed pear A - an uncursed orange J - an uncursed fortune cookie S - an uncursed lembas wafer Potions Q - an uncursed potion of water Rings q - a cursed ring of aggravate monster Tools k - an uncursed skeleton key l - an uncursed expensive camera (0:73) Gems e - an uncursed worthless piece of green glass n - an uncursed worthless piece of blue glass Spells and supernatural/magical abilities: Name Level Category Fail Memory W - pray for help -- divine ? -- Your skills at the end: Fighting Skills wands [Basic] Weapon Skills dart [Basic] Spellcasting Skills Final Attributes: You were fervently aligned. You were blinded. You are dead. Vanquished creatures: 2 giant bats a hobbit a hobgoblin 2 cave spiders a yellow mold 5 garter snakes 2 gnome zombies 4 geckos 6 jackals 3 kobolds 2 goblins 6 grid bugs 3 bats 4 lichens 3 newts 45 creatures vanquished. Voluntary challenges: You were an atheist. You used a wielded weapon 8 times, starting on turn 606. You read items or engraved 8 times, starting on turn 25. You never genocided any monsters. You never polymorphed an object. You never changed form. You used no wishes. You never split a pudding. You wrote Elbereth's name 5 times, starting on turn 26. You violated your moral code, losing 10 points of alignment, starting on turn 1620. Dungeon overview: The Dungeons of Doom: levels 1 to 6 Level 1 a fountain a long staircase Level 2 stairs to The Gnomish Mines Level 3 an armor shop Level 4 (StashOne) a general store Level 5 <- You were here Level 6 The Gnomish Mines: Level 3 stairs to The Dungeons of Doom History has recorded: On T:1 you entered the Dungeons of Doom to retrieve the Amulet of Yendor! On T:277 you reached level 2 of The Dungeons of Doom. On T:332 you reached level 1 of The Gnomish Mines. On T:623 you reached level 3 of The Dungeons of Doom. On T:753 you reached level 4 of The Dungeons of Doom. On T:1378 you reached level 5 of The Dungeons of Doom. On T:1417 you reached level 6 of The Dungeons of Doom. On T:2158 you advanced to experience level 2. Score breakdown: Gold: 415 ( 8909 points) Experience: 2 levels ( 5570 points) Exploration: 6 levels ( 12.24%) ( 9682 points) Discoveries: 3 items ( 1.00%) ( 2995 points) Valuables value: (no points given unless you survive) Artifact value: 0 ( 0 points) Variety of kills: 15 monsters ( 3.92%) ( 5937 points) Turncount: 2161 turns ( -115 points) Survival: died (score multiplied by 80%) Total score: 26382 Latest messages: You hear some noises nearby. (4x) You displace Cauchy. You hit the hobgoblin. The hobgoblin hits! You displace Cauchy. You hear some noises nearby. (2x) The gnome zombie misses. You hit the gnome zombie. You miss the gnome zombie. The gnome zombie hits! You hit the gnome zombie. You miss the gnome zombie. The gnome zombie misses. You miss the gnome zombie. (2x) The gnome zombie misses. You destroy the gnome zombie! Welcome to experience level 2. You see here an uncursed +2 dart. The homunculus bites! c - an uncursed +2 dart (in quiver). The homunculus misses. The dart hits the homunculus. The homunculus bites! You are put to sleep! You die... Final status: Aloha Jonadab the Tourist, killed by a homunculus, while sleeping... You died in The Dungeons of Doom on dungeon level 5 with 26382 points, and 539 pieces of gold, after 2161 moves. You were level 2 with a maximum of 16 hit points when you died.